 Dungeon Crawl Stone Soup version 0.31-a0-740-g87205ac768 (webtiles) character file.

Game seed: 16331714835087242657

996 Ekaitz the Zephyrmancer (level 8, 0/46 HPs)
             Began as a Tengu Air Elementalist on Sept 12, 2023.
             Was an Initiate of Vehumet.
             Killed by their own static electricity (4 damage)
             ... on level 6 of the Dungeon.
             The game lasted 00:11:05 (6157 turns).

Ekaitz the Zephyrmancer (Tengu Air Elementalist)    Turns: 6157, Time: 00:11:06

Health: 0/46       AC:  4    Str:  9    XL:     8   Next: 19%
Magic:  1/14       EV: 17    Int: 20    God:    Vehumet [......]
Gold:   235        SH:  0    Dex: 15    Spells: 4/14 levels left

rFire   . . .        c - +4 dagger of Meycwol {venom, Int+3}
rCold   . . .        (no shield)
rNeg    . . .        a - +0 robe
rPois   .            (helmet restricted)
rElec   .            y - +0 cloak
rCorr   .            f - +0 pair of gloves
SInv    .            (boots unavailable)
Will    .....        (no amulet)
Stlth   ++           (no ring)
HPRegen 0.27/turn    (no ring)
MPRegen 0.14/turn

%: acrobat
@: flying
A: beak, talons 3, evasive flight, acrobatic
a: Renounce Religion


You were on level 6 of the Dungeon.
You worshipped Vehumet.
Vehumet was noncommittal.
You visited 2 branches of the dungeon, and saw 7 of its levels.

You collected 235 gold pieces.

Inventory:

Hand Weapons
 c - the +4 dagger of Meycwol (weapon) {venom, Int+3}
   (You found it on level 3 of the Dungeon)

   Int+3:     It affects your intelligence (+3).
 p - a +2 flail of draining
 z - a +3 flail
Missiles
 i - 4 poisoned darts
 s - a throwing net
Armour
 a - a +0 robe (worn)
 f - a +0 pair of gloves (worn)
 y - a +0 cloak (worn)
 A - a +0 kite shield
Jewellery
 x - an amulet of guardian spirit
Talismans
 w - a blade talisman
Wands
 t - a wand of roots (3)
Scrolls
 e - 8 scrolls of identify {unknown}
 g - 2 scrolls of amnesia {unknown}
 h - 3 scrolls of torment {unknown}
 m - a scroll of poison {unknown}
 o - 2 scrolls of blinking {unknown}
 r - a scroll of fog {unknown}
 v - a scroll of teleportation {unknown}
Potions
 b - a potion of magic
 d - a potion of might
 j - 2 potions of invisibility {unknown}
 k - a potion of attraction {unknown}
 l - 2 potions of haste {unknown}
 n - a potion of mutation {unknown}
 q - a potion of heal wounds {unknown}
 u - a potion of lignification {unknown}


   Skills:
 * Level 3.4 Fighting
 + Level 1.0 Short Blades
 * Level 4.3 Dodging
 + Level 2.8 Stealth
 + Level 3.5 Spellcasting
 + Level 4.4 Conjurations
 * Level 8.3 Air Magic


You had 4 spell levels left.
You knew the following spells:

 Your Spells              Type           Power      Damage    Failure   Level
a - Shock                 Conj/Air       100%       1d9       1%          1
b - Static Discharge      Conj/Air       58%        2-5/arc   1%          2
c - Swiftness             Air            37%        N/A       1%          3
d - Airstrike             Air            18%        2d(3-19)  4%          4

Your spell library contained the following spells:

 Spells                   Type           Power      Damage    Failure   Level
 Sublimation of Blood     Necr           3%         N/A       21%         2
 Petrify                  Tmut/Erth      3%         N/A       80%         4
 Irradiate                Conj/Tmut      6%         3d13      83%         5


Dungeon Overview and Level Annotations

Branches:
Dungeon (6/15)             Temple (1/1) D:5

Altars:
Ashenzari
Cheibriados
Dithmenos
Gozag
Hepliaklqana
Kikubaaqudgha
Nemelex Xobeh
Okawaru
Qazlal
Ru
Sif Muna
Trog
Uskayaw
Vehumet
Zin

Shops:
D:3 *[

Annotations:
D:4 1 runed translucent door, Crazy Yiuf, Dowan


Innate Abilities, Weirdness & Mutations

You have a beak for a mouth.
You have claws for feet.
Your magical flight helps you evade attacks. (EV +4)
You can magically evade attacks while moving or waiting.


Message History

Aim: an orc warrior, wielding a +0 glaive and wearing a +0 chain mail (heavily wounded, 71% to hit)
The zap misses the orc warrior.
The zap hits the gnoll.
The gnoll is moderately wounded.
The orc warrior hits you from afar with a +0 glaive.
The orc warrior attacks as it pursues you!
The orc warrior closely misses you.
There is an open door here.
Casting: Shock (safe; 1% risk of failure)
Confirm with . or Enter, or press ? or * to list all spells.
Aiming: Shock (safe; 1% risk of failure)
Press: ? - help, Shift-Dir - straight line Unknown command.
The orc warrior hits you from afar with a +0 glaive!
* * * LOW HITPOINT WARNING * * *
Items here: ) [ ††.
There is an open door here.
The orc warrior misses you.
There is an open door here.
The orc warrior attacks as it pursues you!
The orc warrior completely misses you.
The orc warrior attacks as it pursues you!
The orc warrior hits you from afar with a +0 glaive.
* * * LOW HITPOINT WARNING * * *
The orc warrior attacks as it pursues you!
The orc warrior closely misses you.
You see here a +0 hand axe.
The orc warrior completely misses you.
Casting: Shock (safe; 1% risk of failure)
Confirm with . or Enter, or press ? or * to list all spells.
The orc warrior is struck by an arc of lightning.
The orc warrior is heavily wounded.
You are struck by an arc of lightning.
* * * LOW HITPOINT WARNING * * *
The lightning grounds out.
The orc warrior closely misses you.
Casting: Static Discharge (safe; 1% risk of failure)
Confirm with . or Enter, or press ? or * to list all spells.
The orc warrior is struck by an arc of lightning.
The orc warrior is severely wounded.
You are struck by an arc of lightning.
You die...

#.......#.+...'.#
##+#...#+#.#####.#
##..#...#.....# ...
#...##'##.....+ ..#
#......##.....# .#
#.....###'#.#####
####.####)#.'...+
#..##))###...#####
##.o@..#.......#.+
#######'#...#+#.####
#..#...#.....##
#######..##+##.....'.
#..>.........#.....#.
########.....#'#.###.
#.......#.+...
#.......######
#.......#


You could see an orc warrior.

Vanquished Creatures
  2 phantoms
  A gnoll sergeant (D:6)
  2 scorpions
  A howler monkey (D:5)
  4 hounds
  4 orc priests
  A jelly (D:5)
  2 orc wizards (D:6)
  An iguana (D:5)
  10 adders
  7 gnolls
  A white imp (D:6)
  An ufetubus (D:5)
  2 worms (D:4)
  4 dart slugs
  15 orcs
  3 endoplasms
  A giant cockroach (D:3)
  10 goblins
  12 hobgoblins
  3 jackals (D:4)
  7 kobolds
  2 quokkas
  8 ball pythons
  2 bats (D:1)
  3 frilled lizards
  6 rats
115 creatures vanquished.

Notes
Turn   | Place    | Note
-------+----------+-------------------------------------------
     0 | D:1      | Ekaitz the Tengu Air Elementalist began the quest for the
                  | Orb.
     0 | D:1      | Reached XP level 1. HP: 10/10 MP: 4/4
   398 | D:1      | Reached XP level 2. HP: 15/15 MP: 3/6
   401 | D:1      | Learned a level 2 spell: Static Discharge
   970 | D:1      | Reached skill level 5 in Air Magic
  1243 | D:2      | Reached XP level 3. HP: 7/20 MP: 0/7
  1315 | D:2      | Learned a level 3 spell: Swiftness
  1634 | D:2      | Reached skill level 1 in Fighting
  1743 | D:2      | Reached XP level 4. HP: 4/25 MP: 0/8
  2483 | D:3      | Reached XP level 5. HP: 28/30 MP: 1/9
  2608 | D:3      | Found Onustrem's Antique Armour Emporium.
  2706 | D:3      | Reached skill level 6 in Air Magic
  3092 | D:3      | Found an opulent altar of Gozag.
  3102 | D:3      | Found Gozag's Platinum Reserve.
  3173 | D:3      | Reached XP level 6. HP: 23/35 MP: 6/10
  3352 | D:3      | Identified the +4 dagger of Meycwol {venom, Int+3}
  3362 | D:3      | Learned a level 4 spell: Airstrike
  3664 | D:4      | Gained mutation: Your magical flight helps you evade
                  | attacks. (EV +4) [Tengu growth]
  3664 | D:4      | Reached XP level 7. HP: 40/40 MP: 1/12
  4051 | D:4      | Reached skill level 7 in Air Magic
  4317 | D:4      | Noticed Dowan
  4333 | D:4      | Found a runed translucent door.
  4334 | D:4      | Noticed Crazy Yiuf
  4454 | D:5      | Entered Level 5 of the Dungeon
  4696 | D:5      | Found a shimmering blue altar of Sif Muna.
  5559 | D:5      | Found a staircase to the Ecumenical Temple.
  5589 | Temple   | Entered the Ecumenical Temple
  5595 | Temple   | Became a worshipper of Vehumet
  5962 | D:6      | Reached skill level 1 in Short Blades
  5962 | D:6      | Reached XP level 8. HP: 38/46 MP: 7/14
  5964 | D:6      | Reached skill level 8 in Air Magic
  6157 | D:6      | Killed from afar by themself

Illustrated notes

Levels and vault maps discovered:
D:1:      ncdulo_halloftheorcs, layout_basic, minivault_25
D:2:      layout_loops_corners, grunt_decor_arrowhead
D:3:      minmay_evil_eye, layout_loops_cross, nicolae_gozag_zags_fifth_avenue,
          serial_shops, shop
D:4:      layout_rooms, uniq_crazy_yiuf_cottage, uniq_duvessa
D:5:      layout_basic, old_standard_altar, minmay_temple_entry_nine_rooms
D:6:      nicolae_cairo_tiling_large, layout_rooms,
          gammafunk_temple_overflow_forgotten, serial_shops, shop
Temple:   compressed_dpeg_triangle_lava_temple

Skill      XL: |  1  2  3  4  5  6  7  8 |
---------------+-------------------------+-----
Air Magic      | 5 6 7 8 |  8.3
Fighting       | 1 2 3 |  3.4
Dodging        | 3 4 |  4.3
Conjurations   | 2 4 |  4.4
Spellcasting   | 3 |  3.5
Short Blades   | 1 |  1.0
Stealth        | |  2.8

Action                     |  1- 3 |  4- 6 |  7- 9 || total
---------------------------+-------+-------+-------++-------
  Melee: Dagger            |     5 |     9 |    32 ||    46
         Kick              |       |     2 |    13 ||    15
         Peck              |       |     2 |     7 ||     9
   Cast: Shock             |    63 |    83 |    99 ||   245
         Static Discharge  |     2 |     3 |     7 ||    12
         Airstrike         |       |     1 |     1 ||     2
    Use: Potion            |     1 |       |       ||     1
   Stab: Sleeping          |       |     1 |     1 ||     2
 Armour: Robe              |     6 |    14 |    28 ||    48
  Dodge: Dodged            |     5 |    19 |    48 ||    72

Table legend: (Time is in decaauts)
 A = Elapsed time spent in this place.
 B = Non-inter-level travel time spent in this place.
 C = Inter-level travel time spent in this place.
 D = Time resting spent in this place.
 E = Time spent auto-exploring this place.
 F = Levels seen in this place.
 G = Mean time per level.
                   A        B        C        D        E       F      G
               +--------+--------+--------+--------+--------+-----+--------+
         Total |   6154 |   6009 |    145 |    199 |   5079 |   7 |  879.1 |
       Dungeon |   6141 |   6003 |    138 |    199 |   5079 |   6 | 1023.5 |
        Temple |     12 |      6 |      6 |      0 |      0 |   1 |   12.0 |
               +--------+--------+--------+--------+--------+-----+--------+

Top non-repeatable levels by time:
     D:5: 1298 daAuts
     D:1: 1223 daAuts
     D:2: 1169 daAuts
     D:3: 1128 daAuts
     D:4: 930 daAuts
     D:6: 390 daAuts
  Temple: 12 daAuts
